 Dungeon Crawl Stone Soup version 0.30.1-3-gfc49f6343a (webtiles) character file.

Game seed: 458050509101619540

18999 Wiggles the Executioner (level 12, -8/91 HPs)
             Began as a Minotaur Berserker on July 24, 2023.
             Was an Elder of Trog.
             Mangled by a manticore (13 damage)
             ... on level 11 of the Dungeon.
             The game lasted 00:19:14 (11627 turns).

Wiggles the Executioner (Minotaur Berserker)       Turns: 11627, Time: 00:19:14

Health: -8/91      AC: 15    Str: 26    XL:     12   Next: 32%
Magic:  0/11       EV:  9    Int:  4    God:    Trog [****..]
Gold:   1343       SH:  0    Dex: 11    Spells: 11/11 levels left

rFire   + . .        y - +2 battleaxe
rCold   . . .        (shield currently unavailable)
rNeg    . . .        p - +2 chain mail {rPois}
rPois   +            (helmet restricted)
rElec   .            s - +1 cloak {Stlth+}
rCorr   +            d - +0 pair of gloves
SInv    .            a - +0 pair of boots
Will    .....        j - amulet of guardian spirit
Stlth   +            k - ring of resist corrosion
HPRegen 0.35/turn    t - ring of protection from fire
MPRegen 0.12/turn

%: guardian spirit
@: flayed
A: horns 2, retaliatory headbutt
a: Renounce Religion, Berserk, Trog's Hand, Brothers in Arms


You were on level 11 of the Dungeon.
You worshipped Trog.
Trog was greatly pleased with you.
You visited 1 branch of the dungeon, and saw 11 of its levels.

You collected 1546 gold pieces.
You spent 203 gold pieces at shops.

Inventory:

Hand Weapons
 y - a +2 battleaxe (weapon)
Missiles
 e - 13 poisoned darts (quivered)
 A - 2 throwing nets
Armour
 a - a +0 pair of boots (worn)
 d - a +0 pair of gloves (worn)
 p - a +2 chain mail of poison resistance (worn)
 s - a +1 cloak of stealth (worn)
Jewellery
 g - a ring of protection from fire
 j - an amulet of guardian spirit (around neck)
 k - a ring of resist corrosion (left hand)
 t - a ring of protection from fire (right hand)
Wands
 i - a wand of polymorph (12)
 l - a wand of mindburst (10)
 r - a wand of digging (4)
 u - a wand of paralysis (1)
 x - a wand of flame (16)
Scrolls
 c - 7 scrolls of teleportation
 h - 5 scrolls of identify
 q - 3 scrolls of magic mapping
Potions
 b - 2 potions of lignification
 f - 3 potions of cancellation
 m - 2 potions of magic
 n - 2 potions of resistance
 w - a potion of flight
 z - 8 potions of ambrosia


   Skills:
 - Level 3.6 Fighting
 + Level 22.9 Axes
 + Level 1.1 Throwing
 - Level 2.4 Armour
 - Level 2.2 Dodging
 + Level 3.2 Stealth
 + Level 0.7 Unarmed Combat


You had 11 spell levels left.
You didn't know any spells.
Your spell library was empty.

Dungeon Overview and Level Annotations

Branches:
Dungeon (11/15)            Temple (0/1) D:5            Lair (0/5) D:11
    Orc (0/2) D:11

Altars:
Ashenzari
Cheibriados
Fedhas
Gozag
Okawaru
Qazlal
Sif Muna
Trog
Vehumet
Wu Jian

Shops:
D:4 *:   D:6 *   D:9 [[


Innate Abilities, Weirdness & Mutations

You have a pair of horns on your head.
You reflexively headbutt those who attack you in melee.


Message History

You hear an angry hiss.
You fail to use your ability.
The acid dragon barely misses you.
The acid dragon claws you but does no damage.
Your ogre goes berserk!
Trog will no longer gift you weapons.
A wyvern comes into view.
The flayed ghost cries, "Suffer as I suffered!"
Terrible wounds spread across more of your body!
* * * LOW HITPOINT WARNING * * *
The manticore barely misses you. The manticore claws you.
* * * LOW HITPOINT WARNING * * *
The manticore claws you but does no damage.
The acid dragon spits acid at you. The splash of acid hits you! You resist.
* * * LOW HITPOINT WARNING * * *
You barely miss the acid dragon. Your headbutt misses the acid dragon.
You hit the manticore but do no damage.
The acid dragon bites you but does no damage.
The acid dragon claws you but does no damage.
The manticore bites you.
* * * LOW HITPOINT WARNING * * *
The manticore claws you but does no damage. x2
The flayed ghost cries, "Suffer as I suffered!"
Your ogre hits the acid dragon with a +0 giant club!!
The acid dragon dies!
Trog accepts your kill.
The barbs in your skin will harm you if you move.
Continue?
Okay, then.
You feel better. The manticore bites you.
* * * LOW HITPOINT WARNING * * *
The manticore claws you.
* * * LOW HITPOINT WARNING * * *
The manticore completely misses you.
You slash the manticore! Your headbutt misses the manticore.
The manticore is lightly wounded.
You carefully extract the barbed spikes from your body.
You barely miss the manticore.
The manticore is lightly wounded.
The manticore bites you!
You die...

....))......####.........# #...
.))..)###...# #.........# #...
...).## #...# #.........# #...
....## #...# #.........# #...
).##### ##### ######### ### ###..
..#♣♣.♣♣ ♣♣...♣♣ #.♣ ♣.#..
..#♣...♣♣♣♣ ♣♣.♣.♣.♣♣ ♣♣♣.♣♣♣.#..
..........♣♣♣.♣♣O♣♣.♣♣♣...♣.♣.÷..
..#♣...♣♣♣.♣.♣♣♣@♣♣♣(♣.♣♣.♣.♣[#..
..#♣♣.♣♣ ♣♣.♣♣ ♣H♣ ♣♣.♣♣#.(.).#..
..# ### ### ♣W♣ ### #######.. ..#
♣O♣ #.. ..# ♣l♣ #.# ..#


.lc #.# ..# ..... #.# ....... #.# c)S.#.~.. #. You could see a flayed ghost, a
two-headed ogre, a manticore (ally target), a basilisk, a wyvern, a centaur and
a friendly ogre (summoned, berserk).

Vanquished Creatures
  4 two-headed ogres
  Pikel (D:5)
  An ugly thing (D:11)
  A cyclops (D:11)
  2 unseen horrors (D:10)
  A kobold demonologist (D:9)
  A komodo dragon (D:10)
  4 trolls
  3 hornets
  A queen bee (D:9)
  Grinder (D:3)
  3 slime creatures (D:9)
  3 vampires
  2 wyverns
  Eustachio (D:5)
  23 yaks
  A steam dragon (D:9)
  A warg (D:11)
  2 acid dragons (D:11)
  3 orc warriors
  A water moccasin (D:6)
  A black bear (D:8)
  3 ice beasts
  2 sky beasts (D:4)
  An ogre (D:5)
  8 centaurs
  3 bullfrogs
  4 scorpions
  8 wights
  43 killer bees
  8 howler monkeys
  The ghost of nalyd1 the Sneak, a weakling SpDe (D:4)
  3 jellies
  A gnoll bouda (D:7)
  6 orc priests
  Crazy Yiuf (D:4)
  4 hounds
  3 iguanas
  11 orc wizards
  Terence (D:2)
  11 adders
  5 gnolls (D:7)
  An ufetubus (D:4)
  4 worms
  A dart slug (D:5)
  26 orcs
  6 ball pythons
  2 endoplasms
  3 giant cockroaches
  6 hobgoblins
  4 jackals (D:2)
  4 quokkas
  6 bats
  3 frilled lizards
  5 goblins
  6 kobolds
  4 rats
269 creatures vanquished.

Vanquished Creatures (collateral kills)
  2 orc knights (D:10)
  3 yaks (D:10)
  A shadow (D:11)
  An acid dragon (D:11)
  An orc warrior (D:10)
  An orc wizard (D:10)
  5 orcs (D:10)
14 creatures vanquished.

Grand Total: 283 creatures vanquished

Notes
Turn   | Place    | Note
-------+----------+-------------------------------------------
     0 | D:1      | Wiggles the Minotaur Berserker began the quest for the Orb.
     0 | D:1      | Reached XP level 1. HP: 19/19 MP: 0/0
   240 | D:1      | Reached skill level 4 in Axes
   504 | D:1      | Reached XP level 2. HP: 27/27 MP: 1/1
  1077 | D:2      | Noticed Terence
  1086 | D:2      | Killed Terence
  1087 | D:2      | Reached skill level 5 in Axes
  1087 | D:2      | Reached XP level 3. HP: 33/33 MP: 2/2
  1227 | D:2      | Reached ** piety under Trog
  1713 | D:3      | Reached XP level 4. HP: 40/40 MP: 3/3
  1788 | D:3      | Reached skill level 6 in Axes
  1842 | D:3      | Found a broken altar of Ashenzari.
  1899 | D:3      | Noticed Grinder
  1900 | D:3      | Paralysed by Grinder for 3 turns
  1910 | D:3      | Paralysed by Grinder for 4 turns
  1917 | D:3      | Killed Grinder
  1918 | D:3      | Reached skill level 7 in Axes
  1918 | D:3      | Reached skill level 1 in Stealth
  1918 | D:3      | Reached XP level 5. HP: 46/46 MP: 2/4
  1918 | D:3      | Reached XP level 6. HP: 52/52 MP: 2/5
  2235 | D:4      | Found a runed translucent gate.
  2236 | D:4      | Found a runed translucent gate.
  2236 | D:4      | Found a runed translucent gate.
  2236 | D:4      | Noticed a sky beast
  2256 | D:4      | Noticed nalyd1's ghost (weakling SpDe)
  2258 | D:4      | Noticed a sky beast
  2435 | D:4      | Found Xong's Book Emporium.
  2482 | D:4      | Found a radiant altar of Vehumet.
  2492 | D:4      | Reached skill level 8 in Axes
  2648 | D:4      | Found Fekuczonn's General Store.
  2672 | D:4      | Reached skill level 9 in Axes
  2751 | D:4      | Found a runed translucent door.
  2752 | D:4      | Noticed Crazy Yiuf
  2894 | D:4      | Killed Crazy Yiuf
  3019 | D:4      | Reached XP level 7. HP: 58/58 MP: 6/6
  3021 | D:4      | You fall into a shaft and drop 3 floors!
  3083 | D:5      | Entered Level 5 of the Dungeon
  3426 | D:4      | Killed nalyd1's ghost
  3430 | D:4      | Reached skill level 10 in Axes
  3798 | D:5      | Noticed Eustachio
  3823 | D:5      | Killed Eustachio
  3824 | D:5      | Reached skill level 11 in Axes
  3824 | D:5      | Reached XP level 8. HP: 66/66 MP: 7/7
  4036 | D:5      | Reached skill level 12 in Axes
  4062 | D:5      | Identified the staff of cold "Puicukkyef" {rElec rC+ rN+
                  | Str+3}
  4161 | D:5      | Noticed Pikel
  4168 | D:5      | Killed Pikel
  4169 | D:5      | Reached skill level 13 in Axes
  4313 | D:5      | Found a staircase to the Ecumenical Temple.
  4624 | D:6      | Reached XP level 9. HP: 68/71 MP: 8/8
  4649 | D:6      | Reached skill level 14 in Axes
  4794 | D:6      | Found a snail-covered altar of Cheibriados.
  4867 | D:6      | Found an iron altar of Okawaru.
  4877 | D:6      | Found a stormy altar of Qazlal.
  5061 | D:6      | Found a bloodstained altar of Trog.
  5103 | D:6      | Found Ezotroih's Serpentskin Sales.
  5165 | D:6      | Bought a +2 chain mail of poison resistance for 203 gold
                  | pieces
  5668 | D:7      | Reached skill level 15 in Axes
  5764 | D:7      | Reached *** piety under Trog
  6664 | D:8      | Reached skill level 16 in Axes
  6704 | D:8      | Reached skill level 1 in Throwing
  6712 | D:8      | Reached XP level 10. HP: 33/78 MP: 4/9
  6995 | D:8      | Reached skill level 17 in Axes
  7462 | D:8      | Found an ornate altar of the Wu Jian Council.
  7783 | D:9      | Reached **** piety under Trog
  8012 | D:9      | Reached skill level 18 in Axes
  8186 | D:9      | Noticed a two-headed ogre
  8200 | D:9      | Killed a two-headed ogre
  8216 | D:9      | Noticed a rust devil
  8308 | D:9      | Reached skill level 19 in Axes
  8655 | D:9      | Found a shimmering blue altar of Sif Muna.
  8669 | D:9      | Found Kaanyumo's Antique Armour Emporium.
  8682 | D:9      | Found a blossoming altar of Fedhas.
  8755 | D:9      | Found Pothror's Antique Armour Shop.
  8897 | D:9      | Reached XP level 11. HP: 79/83 MP: 10/10
  8931 | D:9      | HP: 4/83 [poisoned by a queen bee]
  9201 | D:9      | Identified a scroll of acquirement
  9201 | D:9      | Acquired 877 gold pieces
  9213 | D:10     | Entered Level 10 of the Dungeon
  9254 | D:10     | Noticed a two-headed ogre
  9262 | D:10     | Killed a two-headed ogre
  9263 | D:10     | Reached skill level 20 in Axes
  9878 | D:10     | Found an opulent altar of Gozag.
  9920 | D:10     | Reached skill level 21 in Axes
 10031 | D:10     | Noticed a two-headed ogre
 10043 | D:10     | Killed a two-headed ogre
 10179 | D:10     | Found a runed translucent door.
 10576 | D:10     | Noticed an orc knight
 10590 | D:10     | Killed an orc knight
 10593 | D:10     | Noticed an orc knight
 10600 | D:10     | Killed an orc knight
 10793 | D:11     | Reached skill level 22 in Axes
 10801 | D:11     | Reached XP level 12. HP: 70/91 MP: 8/11
 10808 | D:11     | Reached ***** piety under Trog
 11006 | D:11     | Noticed a two-headed ogre
 11013 | D:11     | Killed a two-headed ogre
 11313 | D:11     | Found a staircase to the Orcish Mines.
 11555 | D:11     | Found a staircase to the Lair.
 11603 | D:11     | Noticed a two-headed ogre
 11627 | D:11     | Mangled by a manticore

Illustrated notes

Levels and vault maps discovered:
D:1:      lemuel_arrival_cross, layout_basic, nrook_mini_backslash,
          minmay_cut_off
D:2:      layout_basic, minmay_pentomino_s2, uniq_terence
D:3:      minmay_wonky_spiral, layout_basic, ashenzari_conservatory_becter,
          uniq_grinder
D:4:      layout_basic, nicolae_vehumet_radiance, gammafunk_ghost_split,
          serial_shops, shop, shop, nrook_uturn, chequers_serial_rivers_small_b,
          uniq_crazy_yiuf_cottage
D:5:      layout_basic, minmay_temple_entry_proselytizer, minmay_checkerbox,
          uniq_eustachio, uniq_pikel
D:6:      layout_cave_pools, slow_altar_1, mainiacjoe_overflow_alcove_4,
          nicolae_qazlal_general_emergency, mainiacjoe_overflow_boulevard,
          grunt_decor_mini_mirrors, kennysheep_donut, guppyfry_shop_venom
D:7:      layout_basic, enter_bailey_8
D:8:      layout_basic, nzn_wu_jian_council_hall
D:9:      layout_gridville, fedhas_altar_2, nicolae_overflow_hidden_temple,
          serial_shops, shop, shop, special_room [special_room_bee],
          minivault_5, minmay_circle_x
D:10:     layout_basic, overflow_temple_1_default, grunt_decor_cap,
          grunt_ministairs_15, lightli_church_of_beogh
D:11:     nzn_winding_woodlands_large [nzn_winding_woodlands_5x5_cross,
          nzn_winding_woodlands_5x15_parted,
          nzn_winding_woodlands_5x5_checkerboard,
          nzn_winding_woodlands_center_lodge,
          nzn_winding_woodlands_15x15_eel_pit,
          nzn_winding_woodlands_center_garden, nzn_winding_woodlands_5x5_three,
          nzn_winding_woodlands_5x15_sawtooth,
          nzn_winding_woodlands_5x5_open_star], layout_long_grid, david_orc_3

Skill      XL: |  1  2  3  4  5  6  7  8  9 10 11 |
---------------+----------------------------------+-----
Axes           | 4 5 7 9 11 13 16 19 22 | 22.9
Stealth        | 1 2 3 |  3.2
Throwing       | 1 |  1.1
Fighting       | |  3.6
Armour         | |  2.4
Dodging        | |  2.2
Unarmed Combat | |  0.7

Action                     |  1- 3 |  4- 6 |  7- 9 | 10-12 || total
---------------------------+-------+-------+-------+-------++-------
  Melee: Hand axe          |    73 |    36 |       |       ||   109
         Headbutt          |    15 |     8 |    27 |    46 ||    96
         Unarmed           |     2 |       |       |       ||     2
         War axe           |       |    45 |    99 |       ||   144
         Battleaxe         |       |       |    79 |   335 ||   414
         Punch             |       |       |     1 |       ||     1
  Throw: Dart              |     2 |       |     1 |     1 ||     4
 Invoke: Berserk           |     1 |     2 |     4 |     6 ||    13
         Brothers in Arms  |       |       |       |     3 ||     3
    Use: Scroll            |       |       |    14 |     6 ||    20
         Potion            |       |       |       |    11 ||    11
 Armour: Chain mail        |    55 |    40 |   102 |   264 ||   461
         Animal skin       |     2 |       |       |       ||     2
  Dodge: Dodged            |    50 |    44 |    90 |   212 ||   396
